Cogmind - Beta 15 @@@ ROGUE MODE // 2025.09.08 @ 18:41:51 Player: Ether Result: Destroyed by Y-45 Defender with Beam Rifle Performance ------------- Evolutions (0) 0 Regions Visited (2) 400 Robots Destroyed (14) 70 Value Destroyed (283) 283 Prototype IDs (1) 20 Alien Tech Used (0) 0 Bonus (0) 0 TOTAL SCORE: 773 Bonus ------- None Cogmind --------- Core Integrity 0/250 Matter 273/300 Energy 56/125 System Corruption 1% Temperature Cool (9) Movement Core (250) Ox4 Location -10/Mines Parts ------- > --- POWER (1) -------- Light Ion Engine > --- PROPULSION (2) --- (None) > --- UTILITY (2) ------ Small Storage Unit > --- WEAPON (2) ------- EMP Blaster Mining Claw > --- INVENTORY (8) ---- Aluminum Leg Compact Wheel Flight Unit Large Storage Unit Small Laser Heavy Battle Rifle Datajack Peak State ------------ > --- POWER ------------ Light Ion Engine > --- PROPULSION ------- Aluminum Leg Aluminum Leg > --- UTILITY ---------- Small Storage Unit Experimental Sensor Array > --- WEAPON ----------- EMP Blaster EMP Blaster > --- INVENTORY -------- Aluminum Leg Compact Wheel Flight Unit Large Storage Unit Small Laser Heavy Battle Rifle Datajack Mining Claw [Rating: 18] Favorites ----------- Power Light Ion Engine Engine Light Ion Engine Propulsion Aluminum Leg Leg Aluminum Leg Wheel Wheel Utility Small Storage Unit Device Experimental Sensor Array Storage Small Storage Unit Weapon EMP Blaster Ballistic Gun Light Assault Rifle Launcher EMP Blaster Slashing Weapon Mining Claw Build | -11 -10 -10 ------- Run | Yrd Mat Min Slots Evolved . | . . . Power . | . . . Propulsion . | . . . Utility . | . . . Weapon . | . . . Parts Attached 17 | 7 8 2 Power 2 | 1 1 . Engine 2 | 1 1 . Core . | . . . Reactor . | . . . Propulsion 6 | 2 4 . Treads . | . . . Leg 3 | . 3 . Wheel 3 | 2 1 . Hover . | . . . Flight . | . . . Utility 3 | 2 . 1 Device 2 | 1 . 1 Storage 1 | 1 . . Processor . | . . . Hackware . | . . . Protection . | . . . Artifact . | . . . Weapon 6 | 2 3 1 Energy Gun . | . . . Energy Cannon . | . . . Ballistic Gun 3 | 2 1 . Ballistic Cannon . | . . . Launcher 2 | . 2 . Special Weapon . | . . . Impact Weapon . | . . . Slashing Weapon 1 | . . 1 Piercing Weapon . | . . . Special Melee Weapon . | . . . Unidentified Prototypes 1 | . . 1 Parts Lost 10 | . 6 4 Power 1 | . 1 . Propulsion 5 | . 3 2 Utility 2 | . 1 1 Weapon 2 | . 1 1 Highest Loss Streak 4 | . 2 4 To Critical Strikes . | . . . Average Backups 6 | 3 6 7 Power . | . . . Propulsion 2 | 1 3 3 Utility . | . . 1 Weapon 2 | 1 2 2 Tool/Special . | . . . Unused Backups 10 | 1 2 7 Power 1 | 1 . . Propulsion 4 | . 2 2 Utility 2 | . . 2 Weapon 2 | . . 2 Tool/Special 1 | . . 1 Average Slot Usage (%) 88 | . 81 98 Engine 11 | . 8 14 Leg 24 | . 21 28 Wheel 2 | . 3 . Device 8 | . 4 13 Storage 14 | . 14 14 Ballistic Gun 7 | . 12 . Launcher 20 | . 14 27 Peak Build Rating 18 | 7 8 18 Average Rating 10 | 4 6 16 On Entrance 5 | . 7 8 Naked Turns . | . . . Heaviest Build 17 | 13 16 17 Greatest Support 26 | 26 26 20 Greatest Overweight (x) 4 | . 4 4 Average Overweight (x) . | . . . Largest Inventory Capacity 8 | 8 8 8 Average Capacity 7 | 6 8 8 Most Carried 8 | 5 8 8 Average Carried 6 | 3 6 7 Final Capacity 8 | 8 8 8 Final Carried 8 | 4 8 7 Class Distribution -------------------- 100% | Mutant Dominant Class ---------------- Mutant | -10/Materials Mutant | -10/Mines Resources | -11 -10 -10 ----------- Run | Yrd Mat Min Matter Collected 400 | 274 116 10 Remotely . | . . . Salvage Created 405 | 128 235 42 Parts 21 | 4 11 6 Haulers Intercepted . | . . . Recyclers Shooed . | . . . Parts Field Recycled . | . . . Retrieved Matter . | . . . Parts Self-Destructed . | . . . Prevented . | . . . Kills | -11 -10 -10 ------- Run | Yrd Mat Min Combat Hostiles Destroyed 11 | . 8 3 Guns 5 | . 5 . AOE 6 | . 3 3 Classes Destroyed 4 | 2 2 . Tunneler 2 | 2 . . Recycler 1 | 1 . . Swarmer 6 | . 3 3 Grunt 5 | . 5 . Best Kill Streak 3 | 3 3 3 Combat Bots Only 3 | . 3 3 Max Kills in Single Turn 2 | 1 2 2 Gunslinging . | . . . Exploded 2 | . 2 2 Melee . | . . . Uniques/NPCs Destroyed . | . . . Combat | -11 -10 -10 -------- Run | Yrd Mat Min Hostile Shots Fired 130 | . 93 37 Missed 37 | . 24 13 Hits 93 | . 69 24 Projectile 93 | . 69 24 Critical Strikes 1 | . . 1 Damage Taken 1006 | . 723 283 Core 251 | . 177 74 Absorbed by Shields . | . . . Core Remaining (%) 100 | 100 . . Volleys Fired 38 | 7 28 3 Largest 2 | 2 2 2 Hottest 66 | 40 66 66 Shots Fired 75 | 14 56 5 Gun 66 | 14 52 . Cannon . | . . . Launcher 9 | . 4 5 Special . | . . . Kinetic 66 | 14 52 . Thermal . | . . . Explosive . | . . . Electromagnetic 9 | . 4 5 Robot Hit Streak 9 | 4 9 . Robot Miss Streak 4 | 2 3 4 Penetration Max . | . . . Secondary Targets . | . . . Shots Hit Robots 43 | 10 33 . Core Hits 24 | 6 14 4 Critical Kills . | . . . Critical Parts Destroyed . | . . . Critical Strikes . | . . . Melee Attacks . | . . . Impact . | . . . Slashing . | . . . Piercing . | . . . Sneak Attacks . | . . . Combat Hostiles . | . . . Follow-up Attacks . | . . . Damage Inflicted 691 | 84 461 146 Guns 340 | 84 256 . Cannons . | . . . Explosions 303 | . 157 146 Melee . | . . . Ramming 48 | . 48 . Kinetic 340 | 84 256 . Thermal 39 | . . 39 Explosive . | . . . Electromagnetic 264 | . 157 107 Impact . | . . . Slashing . | . . . Piercing . | . . . Highest Corruption 1 | . 1 1 Average Corruption 1 | . 1 1 Corruption Purged . | . . . Corruption Blocked . | . . . Effects 7 | . 4 3 Message Errors 3 | . 3 . Matter Fused 2 | . . 2 Heat Flow Errors 1 | . . 1 Data Loss (minor) 1 | . 1 . Overload Shots . | . . . Overflow Damage 7 | . 7 . Projectiles . | . . . Explosions 7 | . 7 . Melee . | . . . Knockbacks . | . . . Impact . | . . . Kinetic . | . . . Secondary . | . . . Self-Inflicted Damage 117 | . 62 55 Shots 7 | . 2 5 Rammed . | . . . Targets Rammed 23 | . 23 . Kicked 23 | . 23 . Crushed . | . . . Highest Temperature 176 | . 18 176 Average Temperature 29 | . 6 55 Received Heat Transfer 231 | . 186 45 Siege Activations . | . . . Martial Activations . | . . . Shielding Activations . | . . . Robots Disrupted . | . . . Combat Hostiles . | . . . Robots Corrupted . | . . . Combat Hostiles . | . . . Parts Fried . | . . . Impact Corruptions . | . . . Robots Melted . | . . . Combat Hostiles . | . . . Parts Melted . | . . . Heat Transferred . | . . . Parts Sabotaged . | . . . Parts Stolen . | . . . Parts Stripped . | . . . Power Chain Reactions 3 | . 1 2 Alert | -11 -10 -10 ------- Run | Yrd Mat Min Maximum Alert Level . | . . . Low Security (%) 100 | 100 100 100 Level 1 . | . . . Level 2 . | . . . Level 3 . | . . . Level 4 . | . . . Level 5 . | . . . High Security . | . . . Max Security . | . . . Peak Influence 70 | 10 57 70 Initial . | . . . Average 9 | 1 15 2 Influence Increases 323 | 15 230 78 Destroy 0b10 Robot/C 220 | . 160 60 Destroy 0b10 Robot/NC 15 | 15 . . Destroy Leader 40 | . 30 10 Successful Hack 3 | . 3 . Disable Machine 30 | . 30 . Destroy Structure 15 | . 7 8 Influence Decreases 301 | 15 230 56 Time Decay 228 | 15 197 16 Lost Part 73 | . 33 40 Squads Dispatched 3 | . 3 . Investigation 2 | . 2 . Extermination . | . . . Reinforcement 1 | . 1 . Assault . | . . . Garrison . | . . . Intercept . | . . . Searches Triggered . | . . . Construction Impeded . | . . . Haulers Reinforced . | . . . Active Scanning Responses . | . . . Cargo Convoy Interrupts . | . . . Stealth | -11 -10 -10 --------- Run | Yrd Mat Min Distress Signals 2 | . 2 . Communications Jammed . | . . . Distress Signals . | . . . Times Spotted 21 | . 13 8 Peak Tracking Total 5 | . 4 5 Tactical Retreats . | . . . Traps | -11 -10 -10 ------- Run | Yrd Mat Min Traps Triggered 1 | . 1 . Indirectly 1 | . 1 . Trap Hack Attempts . | . . . Triggered . | . . . Disarmed . | . . . Reprogrammed . | . . . Reused . | . . . Traps Extracted . | . . . Installed . | . . . Triggered . | . . . Machines | -11 -10 -10 ---------- Run | Yrd Mat Min Machines Disabled 3 | . 2 1 Max in Single Turn 2 | . 2 1 Machines Repaired . | . . . Machines Dismantled . | . . . Machines Sabotaged . | . . . Overloaded Fab Kills . | . . . Hacking | -11 -10 -10 --------- Run | Yrd Mat Min Machines Accessed 4 | . 4 . Terminals 3 | . 3 . Fabricators . | . . . Repair Stations . | . . . Recycling Units 1 | . 1 . Scanalyzers . | . . . Garrison Access . | . . . Total Hacks 17 | . 17 . Successful 7 | . 7 . Failed 10 | . 10 . Catastrophic 1 | . 1 . Database Lockouts . | . . . Manual 15 | . 15 . Terminals 13 | . 13 . Fabricators . | . . . Repair Stations . | . . . Recycling Units 4 | . 4 . Scanalyzers . | . . . Garrison Access . | . . . Terminal Hacks 2 | . 2 . Record 1 | . 1 . Registered Components 1 | . 1 . Fabricator Hacks . | . . . Repair Station Hacks . | . . . Recycling Unit Hacks . | . . . Scanalyzer . | . . . Garrison Access Hacks . | . . . Unauthorized Hacks 3 | . 3 . Terminals 2 | . 2 . Assimilate 1 | . 1 . Botnet 1 | . 1 . Fabricators . | . . . Repair Stations . | . . . Recycling Units 1 | . 1 . Recyclers 1 | . 1 . Scanalyzers . | . . . Garrison Access . | . . . Data Cores Recovered . | . . . Used . | . . . Hacking Detections 4 | . 4 . Full Trace Events 4 | . 4 . Feedback Events 1 | . 1 . Corruption 1 | . 1 . Feedback Blocked . | . . . Robot Schematics Acquired . | . . . Robots Built . | . . . Authchips . | . . . Time . | . . . Total Robot Build Rating . | . . . Part Schematics Acquired . | . . . Parts Built . | . . . Authchips . | . . . Time . | . . . Total Part Build Rating . | . . . Parts Repaired . | . . . Time . | . . . Parts Recycled . | . . . Recycled Matter . | . . . Retrieved Matter . | . . . Retrieved Components . | . . . Parts Scanalyzed . | . . . Part Schematics Acquired . | . . . Parts Damaged . | . . . Bothacking | -11 -10 -10 ------------ Run | Yrd Mat Min Used RIF Installer . | . . . Robots Hacked . | . . . Non-combat . | . . . Combat . | . . . Robot Hacks Applied . | . . . Relay Couplers Released . | . . . Fabnet Peak Effective % . | . . . Robots Rewired . | . . . Allies Hacked . | . . . Hacks Repelled . | . . . Allies | -11 -10 -10 -------- Run | Yrd Mat Min Total Allies . | . . . Largest Group . | . . . Highest-Rated Group . | . . . Highest-Rated Ally . | . . . Total Orders . | . . . Ally Attacks . | . . . Total Damage . | . . . Kills . | . . . Allies Corrupted . | . . . Allies Melted . | . . . Intel | -11 -10 -10 ------- Run | Yrd Mat Min Active Infowar (turns) 608 | 4 188 416 Sensors 416 | . . 416 Seismic 192 | 4 188 . Robot Analysis Total . | . . . Derelict Logs Recovered . | . . . Drone Launches . | . . . Drone Recoveries . | . . . Exploration | -11 -10 -10 ------------- Run | Yrd Mat Min Turns Passed 1148 | 89 609 450 Spaces Moved 792 | 60 378 354 Core 16 | 3 12 1 Treads . | . . . Legs 666 | . 313 353 Wheels 110 | 57 53 . Hover . | . . . Flight . | . . . Fastest Speed 50 | 50 80 120 Average Speed 118 | 88 120 120 Slowest Speed 250 | 90 250 250 Overloaded Moves . | . . . Propulsion Burnouts . | . . . Robots Hopped . | . . . Potential Cave-ins . | . . . Cave-ins Triggered . | . . . Exploration Rate (%) 41 | 4 46 73 Regions Visited 2 Branch Regions 1 Pre-discovered Areas . | . . . Known Exits Taken . | . . . Unknown Exits Taken 2 | 1 1 . Scrap Searched 1 | . . 1 Spaces Dug . | . . . Terrain Destroyed 14 | . 6 8 Melee . | . . . Projectile . | . . . AOE 14 | . 6 8 Terrain Rammed . | . . . Walls Destroyed . | . . . Machines Disabled . | . . . Actions | -11 -10 -10 --------- Run | Yrd Mat Min Total 940 | 86 481 373 Wait 39 | . 28 11 Move 790 | 59 377 354 Hop . | . . . Pick Up 27 | 12 13 2 Fast Attach . | . . . Attach 16 | 7 7 2 Detach . | . . . Swap 1 | . 1 . Drop 6 | 1 4 1 Fire 38 | 7 28 3 Melee . | . . . Ram . | . . . Kick 23 | . 23 . Crush . | . . . Escape Stasis . | . . . Rewire . | . . . Trap . | . . . Miscellaneous . | . . . Route ------- -11/Scrapyard -10/Materials -10/Mines (discovered 2 exits: [*Mat x2]) History --------- Turn | Location | Event 14 | -11/Scrapyard | Discovered new exit (range 16) 90 | -11/Scrapyard | Entered Materials 306 | -10/Materials | Core integrity fell below 50% 310 | -10/Materials | Build established: Mutant 414 | -10/Materials | Discovered new exit (range 7) 699 | -10/Materials | Entered Mines 725 | -10/Mines | Found a damaged Exp. Sensor Array with a note attached 728 | -10/Mines | Found Prototype Device 729 | -10/Mines | Identified Exp. Sensor Array 772 | -10/Mines | Discovered new exit (range 15) 961 | -10/Mines | A weapon hastily lodged in a ceiling crevice suddenly fell to the ground 1003 | -10/Mines | Found a hidden stash of uninstalled traps 1051 | -10/Mines | Discovered new exit (range 13) 1144 | -10/Mines | Core integrity fell below 20% 1149 | -10/Mines | Destroyed by Y-45 Defender with Beam Rifle Last Messages --------------- 01132_ U-05 Engineer builds a Wall. 01135_ K-01 Serf collects debris. 01137_ U-05 Engineer lays Concrete. 01137_ EMP Blaster destroyed. 01138_ U-05 Engineer builds a Wall. 01138_ U-05 Engineer lays Concrete. 01139_ R-06 Scavenger collects Corrupted Lgt. Assault Rifle. 01141_ K-01 Serf collects debris. 01142_ U-05 Engineer lays Concrete. 01143_ Critical hit (Burn: +37). 01144_ Machine disabled. 01144_ Door malfunctions. 01144_ U-05 Engineer builds a Wall. 01145_ Aluminum Leg destroyed. 01146_ K-01 Serf collects debris. 01146_ U-05 Engineer builds a Wall. 01146_ Exp. Sensor Array destroyed. 01147_ U-05 Engineer lays Concrete. 01148_ U-05 Engineer builds a Wall. Map ----- +----------------------------------------------------+ | ?????????????????????????????????????????????????? | | ???????????????????#########?##??????????????????? | | ???????????? ###?# #??????????????????? | | ???????????< # """ """ #??????????????????? | | ???????????? """ """ #??????????????????# | | ??????????????? """ """ #?????????????###### | | ??????????????????# #?????????????# | | ??????????????????# """ """ #?????????????# #### | | ??????????????????# """ """ #?????????????# #??# | | ??????????????????# """ """ #?????????????# #??# | | ??????????????????# #??????????#### #??# | | ??????????????????#### #######??????????# #??? | | ?????????????????????# ###??????????##### ####??? | | ?????????????????????# ##?????????# #?????? | | ????????????????????## ###???????# #####?????? | | ???????????????????## ######### ########### | | ???????????????????# # | | ??????????????????# # | | ????????????# ## ############ # | | ???????????? ######## #??????????# # | | ???????????? #??####### ##??????????# # | | ???????????? #??## YY"## ##???????????# # | | ???????????? #???#]! !!## ##????????????# # | | ????????????# #????#[! ]]####?????????????# # | | ????????????## #??????# #???????#####???### # | | ?????????????###??????###@/###?????## ##### | | ?????????????????????## #?????# ## | | ?????????????????????# ####### | | ?????????????????????# # | | ??????????????"?????## s ku ## | | ??????????????" ## s ######## #? | | ?????????????"" s r######## ## | | ???????????? # # | | ????????????? ### % | | ????????????? ??# # # # | | ??????????????# ##???# ######## # | | ??????????????#??????## ???????## ## | | ??????????????????????### ????????## ## #? | | ????????????????????????# ?????????# #### ## | | ????????????????????????# ????????# ##??# # | | ????????????????????????# ????????# #???# # | | ????????????????????????? ????????# ???# # | | ????????????????????????? ????????# #??# | | ????????????????????????? ????????## ##??# | | ????????????????????????? ?????????## ##???## # | | ???????????????????????## ??????????? ###?????#### | | ???????????????????????# ??????????? #??????????? | | ???????????????????????# #??????????? #??????????? | | ???????????????????????# #???????#### #???####???? | | ???????????????????????# ##??????# #??# ##??? | +----------------------------------------------------+ Best States ------------- Heat Dissipation 25 Energy Generation 10 Energy Capacity 250 Matter Stores 300 Matter Capacity 300 Sight Range 16 Robot Scan Range 20 Terrain Scan Density 10 Evasion (%) 55 Item Schematics ----------------- None Robot Schematics ------------------ None Fabricated ------------ Nothing Repaired ---------- Nothing Alien Tech Used ----------------- None Achievements -------------- True Hacker Challenges ------------ None Game ------ Seed StrikeEnergyKinecellerator Manual? 0 Play Time 00:12:41 Cumulative 22.9 hours Start 2025.09.08 @ 15:34:56 End 2025.09.08 @ 18:41:51 Sessions 3 Manual Loads 0 Difficulty Rogue Special Mode None Game No. 57 Rogue 57 Adventurer 0 Explorer 0 Win Type - Total 0 Types 0/0/0/0/0/0/0/0/0/0 Lore% 22 Gallery% 21 Achievement% 18 Wizard Run 0 Options --------- Layout 1 ASCII 0 Keyboard 0 Movement Numpad Keybinds 0 Fullscreen 1 Font 24/Smallcaps Map View 50x35 Zoom Use 0% Tactical HUD 1 Map Filters NONE Filters NONE Steam 1 RUN: a1f50e55-6b1c-43cd-9a54-38c726b73970